 Dungeon Crawl Stone Soup version 0.16.0-18-g484a79e (webtiles) character file.

2895 McCoppin the Fighter (level 9, -7/71 HPs)
             Began as an Octopode Summoner on Mar 22, 2015.
             Killed from afar by a steam dragon (17 damage)
             ... with a ball of steam
             ... on level 7 of the Dungeon.
             The game lasted 00:37:23 (10925 turns).

McCoppin the Fighter (Octopode Summoner)           Turns: 10925, Time: 00:37:23

Health: -7/71      AC:  1    Str:  7    XL:     9   Next: 77%
Magic:  23/23      EV: 15    Int: 16    God:
Gold:   471        SH:  5    Dex: 15    Spells: 2 memorised, 8 levels left

rFire  . . .     SeeInvis .     a - +1 dagger (speed)
rCold  . . .     Clarity  +     z - +0 buckler
rNeg   + . .     SustAb   +     (helmet restricted)
rPois  +         Gourm    .     (no amulet)
rElec  .         Spirit   .     h - ring of flight
rCorr  .         Warding  .     r - ring of poison resistance
rMut   .         Stasis   .     p - ring of positive energy
MR     .....                    u - ring of wizardry
Stlth  ++++++....               n - ring of sustain abilities
                                F - ring of magical power
                                (no ring)
                                (no ring)

@: not resistant to hostile enchantments, very stealthy
A: almost no armour, amphibious, 8 rings, constrict 8, camouflage 1, clarity,
dopey 1, gelatinous body 1
a: Evoke Flight


You were on level 7 of the Dungeon.
You were hungry.

You visited 2 branches of the dungeon, and saw 9 of its levels.

You collected 471 gold pieces.

Inventory:

Hand weapons
 a - a +1 dagger of speed (weapon)
 b - a +0 blowgun
 e - a +0 dagger
 D - a +1 whip of freezing
Missiles
 j - 37 poisoned needles
Armour
 z - a +0 buckler (worn)
Jewellery
 h - a ring of flight (left tentacle)
 n - a ring of sustain abilities (on tentacle)
 p - a ring of positive energy (on tentacle)
 r - a ring of poison resistance (right tentacle)
 u - a ring of wizardry (on tentacle)
 B - an uncursed amulet of stasis
 F - a ring of magical power (on tentacle)
Magical devices
 g - a wand of digging (12)
 l - a wand of slowing (22)
 q - a wand of paralysis (8)
 E - a wand of disintegration (8)
Scrolls
 f - 2 scrolls of blinking
 i - 5 scrolls of teleportation
 s - 2 scrolls of amnesia
 t - 2 scrolls of remove curse
 x - a scroll of immolation
 H - a scroll of magic mapping
 I - a scroll of identify
Potions
 k - a potion of brilliance
 m - 2 potions of degeneration
 w - a potion of cancellation
Books
 v - a Necronomicon {highlevel, unknown}

   This book is beyond your current level of understanding.

   Spells                             Type                      Level
   a - Haunt                          Necromancy/Summoning         7
   b - Borgnjor's Revivification      Necromancy                   8
   c - Death's Door                   Charms/Necromancy            8
   d - Necromutation                  Transmutation/Necromancy     8
 y - a book of Callings

   Spells                             Type                      Level
   a - Summon Small Mammal            Summoning                    1
   b - Call Imp                       Summoning                    2
   c - Call Canine Familiar           Summoning                    3
   d - Summon Guardian Golem          Hexes/Summoning              4
   e - Summon Lightning Spire         Summoning/Air                4
   f - Summon Ice Beast               Ice/Summoning                4
Comestibles
 c - 6 bread rations
 o - a slice of pizza
 C - 4 meat rations
 G - a royal jelly


   Skills:
 + Level 10.7 Fighting
 - Level 5.6 Dodging
 - Level 10.1 Stealth
 - Level 5.0 Shields
 - Level 2.0 Spellcasting
 - Level 4.0 Summonings


You had 8 spell levels left.
You knew the following spells:

 Your Spells              Type           Power        Failure   Level  Hunger
a - Summon Small Mammal   Summ           ##..         1%          1    #......
b - Call Canine Familiar  Summ           ##......     4%          3    ###....


Dungeon Overview and Level Annotations

Branches:
Dungeon (8/15)             Temple (1/1) D:5
   Lair: D:8-11

Altars:
Ashenzari
Cheibriados
Elyvilon
Fedhas
Gozag
Kikubaaqudgha
Makhleb
Okawaru
Qazlal
Ru
Sif Muna
Trog
Vehumet
Xom
Yredelemnul
Zin
The Shining One

Annotations:
D:5 BLOAX's ghost, experienced DEFi
D:8 2 exclusions


Innate Abilities, Weirdness & Mutations

You cannot wear most types of armour.
You are amphibious.
You can wear up to eight rings at the same time.
You can use your tentacles to constrict many enemies at once.
Your skin changes colour to match your surroundings (Stealth).
Your rubbery body absorbs attacks (AC +1).
You possess an exceptional clarity of mind.
You are dopey. (Int -2)


Message History

You block the steam dragon's attack.
Drink which item? (? for menu, Esc to quit)
You feel better. The steam dragon closely misses you.
The steam dragon misses you.
You barely miss the steam dragon.
The steam dragon is severely wounded.
You hit the steam dragon but do no damage.
You squeeze the steam dragon, but do no damage.
The steam dragon is severely wounded.
The steam dragon closely misses you. The steam dragon barely misses you.
You hit the steam dragon.
The steam dragon is severely wounded.
You block the steam dragon's attack. The steam dragon completely misses you.
You completely miss the steam dragon.
The steam dragon is severely wounded.
You hit the steam dragon.
The steam dragon is almost dead.
The steam dragon breathes steam at you. The ball of steam hits you!
You die...

##....##..##
##....###...# #.....#
##..## ##.....#
#...######## ###
##......# ##......##.#
#.###..#....#
#.........##
##()).##....#
#..########.
###.###...D## ##..# #.
#.###...@.###..## ###
#..##.....##...# ##..
##.#.......#..## ##...
#<...........## ##....
#.............#####.....
##....>..............##.
#...................###.
#....##......####...###.
####...###......#
##...##.


You could see a steam dragon.

Vanquished Creatures
  A yak (D:8)
  5 humans (D:7)
  A hippogriff (D:7)
  A black bear (D:7)
  Sigmund (D:4)
  Duvessa (D:4)
  4 giant frogs
  A centaur (D:7)
  Blork the orc (D:4)
  A gnoll sergeant (D:6)
  A goliath beetle (D:7)
  Dowan (D:4)
  A crimson imp (D:8)
  A giant frog zombie (D:6)
  3 orc priests (D:7)
  Crazy Yiuf (D:2)
  3 centaur skeletons
  5 hounds
  4 orc wizards
  An iguana (D:6)
  9 worker ants
  Ijyb (D:6)
  Jessica (D:2)
  A hound zombie (D:5)
  A hound skeleton (D:5)
  Terence (D:2)
  5 gnolls (D:6)
  10 adders
  2 giant mites
  2 shadow imps (D:5)
  2 adder zombies
  An adder skeleton (D:4)
  4 giant geckos
  10 orcs
  2 bat skeletons
  A bat zombie (D:5)
  A giant cockroach (D:5)
  10 hobgoblins
  25 jackals
  18 kobolds
  7 quokkas
  15 bats
  4 giant newts
  14 goblins
  A quokka skeleton (D:5)
  18 rats
204 creatures vanquished.

Vanquished Creatures (collateral kills)
  An adder (D:2)
  2 goblins (D:2)
3 creatures vanquished.

Vanquished Creatures (others)
  A hound (D:4)
1 creature vanquished.

Grand Total: 208 creatures vanquished

Notes
Turn   | Place    | Note
--------------------------------------------------------------
     0 | D:1      | McCoppin, the Octopode Summoner, began the quest for the Orb.
     0 | D:1      | Reached XP level 1. HP: 11/11 MP: 3/3
   387 | D:1      | Reached XP level 2. HP: 12/17 MP: 4/4
  1490 | D:1      | Reached XP level 3. HP: 17/21 MP: 6/6
  1503 | D:1      | Reached skill level 5 in Fighting
  1503 | D:1      | Reached skill level 5 in Dodging
  1503 | D:1      | Reached skill level 9 in Stealth
  1503 | D:1      | Reached skill level 5 in Shields
  1503 | D:1      | Reached XP level 4. HP: 20/35 MP: 7/7
  1968 | D:2      | Noticed Terence
  1999 | D:2      | Killed Terence
  2554 | D:2      | Noticed Crazy Yiuf
  2560 | D:2      | Killed Crazy Yiuf
  2560 | D:2      | Reached XP level 5. HP: 39/39 MP: 9/9
  2689 | D:2      | Noticed Jessica
  2695 | D:2      | Killed Jessica
  2804 | D:2      | Learned a level 3 spell: Call Canine Familiar
  3938 | D:3      | Reached XP level 6. HP: 31/45 MP: 10/10
  4238 | D:3      | Reached skill level 10 in Stealth
  4921 | D:4      | Noticed Blork the orc
  4923 | D:4      | Killed Blork the orc
  4970 | D:4      | Reached XP level 7. HP: 33/51 MP: 7/12
  5182 | D:4      | Found a glowing silver altar of Zin.
  5330 | D:4      | Noticed Duvessa
  5330 | D:4      | Noticed Dowan
  5361 | D:4      | Killed Duvessa
  5366 | D:4      | Killed Dowan
  5521 | D:4      | Noticed Sigmund
  5538 | D:4      | Killed Sigmund
  6083 | D:5      | Entered Level 5 of the Dungeon
  6141 | D:5      | Found a staircase to the Ecumenical Temple.
  6179 | Temple   | Entered the Ecumenical Temple
  6705 | D:5      | Noticed BLOAX's ghost (experienced DEFi)
  6913 | D:5      | Reached XP level 8. HP: 56/60 MP: 13/13
  7155 | D:6      | Found a white marble altar of Elyvilon.
  7626 | D:6      | Noticed Ijyb
  7630 | D:6      | Killed Ijyb
  8231 | D:7      | Gained mutation: You possess an exceptional clarity of mind. [potion of mutation]
  8231 | D:7      | Gained mutation: You are dopey. (Int -2) [potion of mutation]
  9002 | D:7      | Reached XP level 9. HP: 64/68 MP: 14/14
  9401 | D:7      | Reached skill level 10 in Fighting
 10925 | D:7      | Killed from afar by a steam dragon

Action                   |  1- 3 |  4- 6 |  7- 9 || total
-------------------------+-------+-------+-------++-------
Melee: Unarmed           |    32 |       |       ||    32
       Dagger            |    43 |   172 |   539 ||   754
 Fire: Blowgun           |       |       |    28 ||    28
 Cast: Call Canine Famil |       |     3 |     3 ||     6
  Use: Potion            |     2 |       |    17 ||    19
       Scroll            |     1 |     5 |     8 ||    14
 Stab: Sleeping          |     2 |    17 |    28 ||    47
       Distracted        |       |     2 |     2 ||     4
  Eat: Chunk             |       |     9 |    11 ||    20
       Bread ration      |       |     1 |       ||     1
       Meat ration       |       |       |     1 ||     1
       Beef jerky        |       |       |     1 ||     1
       Pizza             |       |       |     1 ||     1
